 Dungeon Crawl Stone Soup version 0.32-a0-20-ge526923d97 (webtiles) character file.

Game seed: 12133213645713390417

21767 croobank the Covert (level 12, -7/85 HPs)
             Began as a Human Delver on Jan 17, 2024.
             Was a Priest of Hepliaklqana.
             Succumbed to a black mamba's poison
             ... on level 2 of the Lair of Beasts.
             The game lasted 00:44:41 (15365 turns).

croobank the Covert (Human Delver)                 Turns: 15365, Time: 00:44:42

Health: -7/85      AC: 18    Str: 13    XL:     12   Next: 93%
Magic:  19/19      EV: 16    Int: 14    God:    Hepliaklqana [***...]
Gold:   873        SH:  5    Dex: 16    Spells: 13/18 levels left

rFire   . . .        k - +7 rapier (heavy)
rCold   . . .        (no shield)
rNeg    + . .        I - +3 leather armour {Will+}
rPois   .            V - +1 helmet
rElec   .            (no cloak)
rCorr   .            v - +1 pair of gloves
SInv    .            j - +2 pair of boots
Will    +....        q - amulet of reflection
Stlth   ++++         y - +4 ring of protection
HPRegen 0.34/turn    D - ring of positive energy
MPRegen 0.16/turn

%: reflection
@: lethally poisoned (-7 -> -42)
A: reduced essence, explore regen
a: Renounce Religion, Recall Ancestor, Ancestor Identity, Transference


You were on level 2 of the Lair of Beasts.
You worshipped Hepliaklqana.
Hepliaklqana was most pleased with you.
You visited 3 branches of the dungeon, and saw 15 of its levels.

You collected 873 gold pieces.

Inventory:

Hand Weapons
 a - a +2 dagger of venom
 k - a +7 heavy rapier (weapon)
 r - a +1 spectral quarterstaff
 A - a +0 short sword
 H - a +2 antimagic falchion
 Q - a +1 dagger of electrocution
 R - a +4 scimitar of flaming
Missiles
 M - 6 boomerangs
 S - 19 poisoned darts (quivered)
Armour
 j - a +2 pair of boots (worn)
 v - a +1 pair of gloves (worn)
 w - a +0 ring mail
 I - a +3 leather armour of willpower (worn)
 N - +0 swamp dragon scales
 T - a +1 robe of resistance
 V - a +1 helmet (worn)
Magical Staves
 x - a staff of conjuration
Jewellery
 e - an amulet of magic regeneration
 q - an amulet of reflection (around neck)
 s - a ring of fire
 y - a +4 ring of protection (left hand)
 B - a +6 ring of strength
 D - a ring of positive energy (right hand)
 E - a ring of wizardry
 F - an amulet of faith
 P - a ring of magical power
 X - a +4 ring of protection
Talismans
 b - a flux talisman
Wands
 g - a wand of digging (2)
 h - a wand of mindburst (1)
 C - a wand of paralysis (17)
 K - a wand of flame (5)
 O - a wand of polymorph (20)
Scrolls
 c - a scroll of blinking
 d - 3 scrolls of revelation
 f - 3 scrolls of fog
 o - 2 scrolls of teleportation
 p - a scroll of silence
 U - 5 scrolls of identify
 W - 2 scrolls of enchant armour
 Y - a scroll of fear
Potions
 i - 3 potions of brilliance
 l - 3 potions of curing
 m - 3 potions of lignification
 n - 3 potions of attraction
 t - 2 potions of cancellation
 u - 5 potions of mutation {unknown}
 z - a potion of resistance {unknown}
 G - a potion of magic {unknown}
 J - 4 potions of heal wounds {unknown}
 L - a potion of might {unknown}
 Z - 7 potions of ambrosia


   Skills:
 + Level 9.3 Fighting
 + Level 9.0 Short Blades
 - Level 5.0 Armour
 + Level 8.8 Dodging
 + Level 10.6 Stealth
 * Level 3.9 Spellcasting
 * Level 4.1 Hexes
 * Level 10.6 Invocations


You had 13 spell levels left.
You knew the following spells:

 Your Spells              Type           Power      Damage    Failure   Level
a - Slow                  Hex            56%        N/A       4%          1
b - Martyr's Knell        Necr/Summ      2%         N/A       94%         4

Your spell library contained the following spells:

 Spells                   Type           Power      Damage    Failure   Level
 Confusing Touch          Hex            14%        N/A       13%         3
 Sigil of Binding         Hex            14%        N/A       13%         3
 Ensorcelled Hibernation  Hex/Ice        16%        N/A       16%         2
 Necrotise                Necr           8%         1d4       24%         1
 Sting                    Conj/Alch      8%         1d3       24%         1
 Cigotuvi's Dreadful Rot  Necr/Alch/Air  4%         N/A       36%         2
 Mercury Vapours          Alch/Air       4%         N/A       36%         2
 Fugue of the Fallen      Necr           2%         N/A       58%         3
 Vampiric Draining        Necr           2%         2d6       58%         3
 Anguish                  Hex/Necr       4%         N/A       71%         4
 Dispel Undead            Necr           2%         3d7       94%         4
 Ignite Poison            Fire/Alch      2%         N/A       94%         4
 Olgreb's Toxic Radiance  Alch           2%         N/A       94%         4
 Sticky Flame             Fire/Alch      2%         2d4       94%         4
 Vhi's Electric Charge    Tloc/Air       4%         N/A       94%         4
 Arcjolt                  Conj/Air       1%         1d11      100%        5
 Curse of Agony           Necr           2%         N/A       100%        5
 Death Channel            Necr           1%         N/A       100%        6
 Ignition                 Fire           1%         3d3       100%        8
 Maxwell's Capacitive Co  Air            1%         ∞         100%        8


Dungeon Overview and Level Annotations

Branches:
Dungeon (12/15)            Temple (1/1) D:6            Lair (2/5) D:9
  Swamp: Lair:2-3    Shoals: Lair:2-3     Snake: Lair:2-3    Spider: Lair:2-3
    Orc: D:9-12

Altars:
Ashenzari
Cheibriados
Dithmenos
Elyvilon
Fedhas
Gozag
Hepliaklqana
Kikubaaqudgha
Makhleb
Nemelex Xobeh
Okawaru
Qazlal
Ru
Sif Muna
Trog
Uskayaw
Vehumet
Wu Jian
Xom
Yredelemnul
Zin
The Shining One

Shops:
D:2 :*   D:5 *

Annotations:
D:3 1 runed translucent door, Crazy Yiuf
D:12 Rupert
Temple 2 transporters
Lair:1 3 runed translucent doors, zenocrate's ghost, journeyman VSEn
Lair:2 Nergalle


Innate Abilities, Weirdness & Mutations

Your life essence is reduced to manifest your ancestor. (-10% HP)
You regain HP and MP as you explore.


Message History

Belanum drains the elephant.
The black mamba bites Belanum.
Belanum hits the elephant but does no damage.
The elephant closely misses Belanum. x2
Belanum hits the elephant with a +0 dagger of draining.
The black mamba bites Belanum!
The black mamba bites Belanum!
Belanum hits the black mamba with a +0 dagger of draining.
The elephant tramples Belanum.
Belanum is shoved backwards!
Belanum hits the elephant with a +0 dagger of draining.
Belanum hits the elephant with a +0 dagger of draining.
Belanum drains the elephant.
The elephant tramples Belanum.
Belanum holds their ground!
The elephant trunk-slaps Belanum.
Belanum hits the elephant with a +0 dagger of draining!
You are too injured to fight recklessly!
You are too injured to fight recklessly!
You are too injured to fight recklessly!
You swap places.
Belanum casts a spell at the black mamba.
The elephant easily resists.
The elephant tramples you.
You hold your ground!
The elephant misses you.
You impale the elephant!!
You kill the elephant!
The black mamba bites you.
You puncture the black mamba!
The black mamba is heavily wounded.
The black mamba bites you!
You are poisoned.
The black mamba poisons you! The black mamba bites you!
* * * LOW HITPOINT WARNING * * *
You are more poisoned.
The black mamba poisons you!
You hit the black mamba.
The black mamba is heavily wounded.
* * * LOW HITPOINT WARNING * * *
You feel extremely sick. The black mamba closely misses you.
You block the black mamba's attack.
You hit the black mamba but do no damage.
The black mamba is heavily wounded.
You die...

#
....
#.
#.P.
#.
...
+.#
.P#
..
..#
.+..#
#†.#
#S#
##@#
#.R#
#..##
##..#
#.##
#.###
#..P#
#...#
##[##


You could see the friendly Belanum the hexer and a black mamba (ally target).

Vanquished Creatures
  Erica (D:8)
  A catoblepas (Lair:1)
  A boulder beetle (D:12)
  A hydra (Lair:2)
  4 two-headed ogres
  A cyclops (D:11)
  3 elephants (Lair:2)
  A gargoyle (D:11)
  A cane toad (Lair:1)
  Maggie (D:7)
  2 rime drakes (Lair:1)
  2 komodo dragons
  3 red devils (D:8)
  A troll (D:9)
  A queen bee (Lair:1)
  A shadow (D:9)
  A vampire (D:9)
  A wraith (D:9)
  2 basilisks (Lair:1)
  9 yaks
  Eustachio (D:5)
  5 wyverns
  A steam dragon (D:7)
  An acid dragon (D:10)
  3 water moccasins
  Duvessa (D:7)
  4 orc warriors
  3 centaurs
  3 ogres
  A wolf (Lair:2)
  3 kobold brigands
  A phantom (D:6)
  6 bullfrogs
  3 gnoll sergeants
  2 scorpions
  4 wights (D:9)
  Dowan (D:7)
  18 killer bees
  8 crimson imps (D:6)
  3 hounds
  3 orc priests
  2 iguanas
  7 orc wizards
  9 gnolls
  4 adders
  3 shadow imps
  A white imp (D:6)
  4 ufetubi (D:6)
  5 dart slugs
  3 ribbon worms (D:3)
  31 orcs
  5 endoplasms
  A giant cockroach (D:2)
  8 goblins
  8 hobgoblins
  2 jackals (D:1)
  6 quokkas
  8 ball pythons
  5 bats
  2 frilled lizards (D:3)
  18 kobolds
  2 rats
247 creatures vanquished.

Vanquished Creatures (collateral kills)
  3 two-headed ogres
  A deep elf pyromancer (D:12)
  A black mamba (Lair:2)
  2 cane toads
  An unseen horror (D:10)
  5 wyverns
  2 yaks
  A water moccasin (D:9)
  2 wolves (Lair:2)
  A bullfrog (Lair:1)
  14 killer bees
  An orc priest (D:11)
  An orc wizard (D:12)
  3 gnolls
  5 orcs
  4 kobolds
47 creatures vanquished.

Vanquished Creatures (others)
  A howler monkey (D:7)
  5 hexers
  An orc wizard (D:6)
  6 ancestors
13 creatures vanquished.

Grand Total: 307 creatures vanquished

Notes
Turn   | Place    | Note
-------+----------+-------------------------------------------
     0 | D:5      | croobank the Human Delver began the quest for the Orb.
     0 | D:5      | Reached XP level 1. HP: 18/18 MP: 1/1
    10 | D:6      | Noticed an orc priest
    11 | D:6      | Noticed an orc wizard
    60 | D:5      | Noticed Eustachio
   120 | D:3      | Found a runed translucent door.
   121 | D:3      | Noticed Crazy Yiuf
   251 | D:3      | Reached XP level 2. HP: 20/24 MP: 2/2
   410 | D:2      | Found Jivom's General Store.
   457 | D:2      | Reached XP level 3. HP: 29/29 MP: 3/3
   797 | D:1      | Reached XP level 4. HP: 35/35 MP: 4/4
   908 | D:1      | Found a faded altar of an unknown god.
  1458 | D:2      | Found Tucidi's Book Shop.
  2763 | D:4      | Noticed a scorpion
  2766 | D:4      | Killed a scorpion
  2767 | D:4      | Reached XP level 5. HP: 42/42 MP: 5/5
  2793 | D:4      | Noticed an ogre
  2798 | D:4      | Killed an ogre
  2799 | D:4      | Reached XP level 6. HP: 30/48 MP: 6/6
  3349 | D:5      | Killed Eustachio
  3350 | D:5      | Reached XP level 7. HP: 41/55 MP: 3/7
  3524 | D:5      | Reached skill level 5 in Fighting
  3548 | D:5      | Found Pademahu's Overcharged Wands.
  4349 | D:6      | Reached XP level 8. HP: 41/62 MP: 8/8
  4458 | D:6      | Reached skill level 5 in Short Blades
  4466 | D:6      | Reached skill level 5 in Dodging
  4884 | D:6      | Found a staircase to the Ecumenical Temple.
  4936 | Temple   | Found a transporter.
  4936 | Temple   | Found a transporter.
  4936 | Temple   | Found a transporter.
  4936 | Temple   | Found a transporter.
  4936 | Temple   | Entered the Ecumenical Temple
  4954 | Temple   | Became a worshipper of Hepliaklqana the Forgotten
  5098 | D:6      | Found a glowing silver altar of Zin.
  5168 | D:7      | Noticed Maggie
  5172 | D:7      | Noticed Dowan
  5175 | D:7      | Killed Dowan
  5176 | D:7      | Killed Maggie
  5176 | D:7      | Noticed Duvessa
  5177 | D:7      | Reached skill level 1 in Armour
  5177 | D:7      | Reached XP level 9. HP: 58/69 MP: 8/10
  5181 | D:7      | Killed Duvessa
  5779 | D:7      | Reached * piety under Hepliaklqana
  6484 | D:8      | Noticed a red devil
  6495 | D:8      | Noticed a red devil
  6495 | D:8      | Noticed a red devil
  6860 | D:8      | Killed a red devil
  7197 | D:8      | Reached XP level 10. HP: 33/69 MP: 13/13
  7314 | D:8      | Noticed Erica
  7325 | D:8      | Killed Erica
  7326 | D:8      | Reached skill level 5 in Invocations
  7442 | D:8      | Reached skill level 5 in Armour
  7692 | D:9      | Noticed a two-headed ogre
  7692 | D:9      | Noticed a two-headed ogre
  7737 | D:9      | Killed a two-headed ogre
  7756 | D:9      | Killed a two-headed ogre
  8463 | D:9      | Reached XP level 11. HP: 59/76 MP: 16/16
  8532 | D:9      | Found a staircase to the Lair.
  9608 | D:9      | Noticed a two-headed ogre
  9610 | D:9      | Killed a two-headed ogre
  9835 | D:9      | Reached ** piety under Hepliaklqana
  9836 | D:9      | Remembered your ancestor Belanum as a hexer
  9942 | D:10     | Entered Level 10 of the Dungeon
  9983 | D:10     | Noticed a two-headed ogre
  9990 | D:10     | Killed a two-headed ogre
 10205 | D:10     | Noticed a two-headed ogre
 10215 | D:10     | Killed a two-headed ogre
 10221 | D:10     | Found a sparkling altar of Nemelex Xobeh.
 10230 | D:10     | Found a glowing golden altar of the Shining One.
 10896 | D:11     | Reached *** piety under Hepliaklqana
 11216 | D:11     | Noticed a two-headed ogre
 11226 | D:11     | Killed a two-headed ogre
 11231 | D:11     | Noticed a cyclops
 11237 | D:11     | Noticed a two-headed ogre
 11239 | D:11     | Killed a cyclops
 11406 | D:11     | Learned a level 1 spell: Slow
 11419 | D:11     | Reached skill level 10 in Stealth
 11426 | D:11     | Killed a two-headed ogre
 12070 | D:12     | Noticed Rupert
 12130 | D:12     | Noticed a boulder beetle
 12190 | D:12     | Killed a boulder beetle
 12191 | D:12     | Reached XP level 12. HP: 16/84 MP: 19/19
 12398 | D:12     | Reached skill level 1 in Spellcasting
 12398 | D:12     | Reached skill level 1 in Hexes
 12485 | Lair:1   | Entered Level 1 of the Lair of Beasts
 12695 | Lair:1   | Noticed zenocrate's ghost (journeyman VSEn)
 12726 | Lair:1   | Reached skill level 10 in Invocations
 12742 | Lair:1   | Noticed a catoblepas
 13306 | Lair:1   | Learned a level 4 spell: Martyr's Knell
 13332 | Lair:1   | Killed a catoblepas
 13480 | Lair:1   | Found a runed translucent gate.
 13480 | Lair:1   | Found a runed translucent gate.
 13482 | Lair:1   | Found a runed translucent gate.
 14409 | Lair:2   | Noticed Nergalle
 15040 | Lair:2   | Noticed a six-headed hydra
 15055 | Lair:2   | Killed a six-headed hydra
 15364 | Lair:2   | HP: 2/85 [poisoned by a black mamba]
 15365 | Lair:2   | Succumbed to a black mamba's poison

Illustrated notes

Levels and vault maps discovered:
D:1:      enne_arrival_octagon_isle, layout_rooms,
          ebering_ecumenical_altar_abandoned, hangedman_feature_mirror,
          minmay_misc_feat_ornament, minmay_misc_feat_roman
D:2:      layout_basic, serial_shops, nicolae_shop_trees, nicolae_lakefront_shop
D:3:      layout_basic, uniq_crazy_yiuf_cottage
D:4:      layout_loops_ring
D:5:      layout_cave_pods, nicolae_shop_overcharged_wands, uniq_eustachio
D:6:      layout_loops_ring, marbit_many_paths,
          minmay_temple_entry_glassed_door, minmay_nine_imps
D:7:      layout_basic, uniq_duvessa, uniq_maggie
D:8:      layout_rooms, einodemon_armed_red_devil_minivault, uniq_erica
D:9:      layout_roguey, minmay_lair_entry_grove
D:10:     layout_gridville, mainiacjoe_overflow_catwalk_spiral,
          dreamdust_mushroom_princess
D:11:     layout_basic
D:12:     layout_basic, orc_david_3, nicolae_zig_zag_zippers, uniq_rupert
Temple:   hellmonk_temple_divided_pantheon
Lair:1:   layout_small_grid, gammafunk_ghost_icy, special_room
          [special_room_bee], grunt_megastairs_4, lemuel_fruit_tree,
          infiniplex_staircase_pool_2, serial_bayou_shore_a,
          serial_bayou_shore_b
Lair:2:   layout_roguey, uniq_nergalle

Skill      XL: |  1  2  3  4  5  6  7  8  9 10 11 12 |
---------------+-------------------------------------+-----
Short Blades   | 3 4 5 6 7 8 9 |  9.0
Dodging        | 3 4 5 6 7 8 |  8.8
Fighting       | 4 5 6 7 8 9 |  9.3
Stealth        | 6 7 8 9 10 | 10.6
Armour         | 1 4 5 |  5.0
Invocations    | 2 4 7 9 10 | 10.6
Spellcasting   | 3 |  3.9
Hexes          | 4 |  4.1

Action                     |  1- 3 |  4- 6 |  7- 9 | 10-12 || total
---------------------------+-------+-------+-------+-------++-------
  Melee: Rapier            |    58 |    46 |   282 |   502 ||   888
         Short sword       |     4 |       |       |       ||     4
         Punch             |     1 |       |     2 |    13 ||    16
         Dagger            |       |    64 |    27 |       ||    91
  Throw: Dart              |       |       |     1 |    19 ||    20
 Invoke: Ancestor Life: He |       |       |       |     1 ||     1
  Evoke: Wand              |       |       |    14 |    23 ||    37
    Use: Scroll            |       |     3 |    18 |    11 ||    32
         Potion            |       |       |     2 |     2 ||     4
   Stab: Sleeping          |    15 |    20 |     5 |     6 ||    46
         Distracted        |       |       |     1 |     6 ||     7
         Paralysed         |       |       |       |     1 ||     1
         Confused          |       |       |       |     8 ||     8
 Armour: Leather armour    |    28 |    49 |   155 |   305 ||   537
         Swamp dragon scal |       |       |    63 |    35 ||    98
  Dodge: Dodged            |    30 |    48 |   240 |   396 ||   714
  Block: Other             |     1 |    22 |    70 |   105 ||   198
         Reflection        |       |     1 |     1 |     2 ||     4

Table legend: (Time is in decaauts)
 A = Elapsed time spent in this place.
 B = Non-inter-level travel time spent in this place.
 C = Inter-level travel time spent in this place.
 D = Time resting spent in this place.
 E = Time spent auto-exploring this place.
 F = Levels seen in this place.
 G = Mean time per level.
                   A        B        C        D        E       F      G
               +--------+--------+--------+--------+--------+-----+--------+
         Total |  15313 |  14601 |    712 |   3733 |   8160 |  15 | 1020.9 |
       Dungeon |  12353 |  11726 |    627 |   2542 |   7049 |  12 | 1029.4 |
        Temple |     36 |     36 |      0 |      0 |      0 |   1 |   36.0 |
          Lair |   2923 |   2838 |     85 |   1191 |   1111 |   2 | 1461.5 |
               +--------+--------+--------+--------+--------+-----+--------+

Top non-repeatable levels by time:
  Lair:1: 2188 daAuts
     D:9: 1872 daAuts
     D:8: 1619 daAuts
    D:11: 1280 daAuts
     D:7: 1238 daAuts
     D:5: 976 daAuts
    D:10: 883 daAuts
     D:3: 879 daAuts
     D:6: 868 daAuts
     D:1: 846 daAuts
     D:2: 818 daAuts
  Lair:2: 734 daAuts
     D:4: 718 daAuts
    D:12: 349 daAuts
  Temple: 36 daAuts
